 Dungeon Sprint DCSS version 0.26-a0-1026-g544776af23 (webtiles) character file.

Game seed: 6659276353751481480

3674 sahdkjhfkaj the Frost Mage (level 9, -7/135 HPs)
             Began as a Red Draconian Ice Elementalist on Dec 9, 2020.
             Was a High Priest of Sif Muna.
             Mangled by a two-headed ogre
             ... wielding a +0 giant spiked club
              (17 damage)
             ... in the Dungeon (Sprint V: "Ziggurat Sprint").
             The game lasted 00:02:05 (853 turns).

sahdkjhfkaj the Frost Mage (DrIE)                    Turns: 853, Time: 00:02:05

Health: -7/135     AC: 21    Str: 10    XL:     9   Next: 89%
Magic:  7/23       EV: 12    Int: 31    God:    Sif Muna [*****.]
Gold:   0          SH:  0    Dex: 12    Spells: 11/28 levels left

rFire    + . .     SeeInvis .   A - +7 Singing Sword {vorpal, sonic wave}
rCold    . . .     Faith    .   (no shield)
rNeg     . . .     Spirit   .   (armour unavailable)
rPois    .         Reflect  .   (helmet restricted)
rElec    .         Harm     .   B - +2 cloak {Stlth+}
rCorr    .         Rampage  .   (no gloves)
Will     .....     NoTele   +   (no boots)
Stlth    ..........             (no amulet)
HPRegen  0.32/turn              T - +6 ring of intelligence
MPRegen  0.18/turn              t - +6 ring of intelligence

@: berserking (expiring), icy armour, very quick
A: breathe fire, unfitting armour, fire resistance 1, cold-blooded, AC +7
a: Breathe Fire, Channel Magic, Forget Spell, Divine Exegesis, Renounce Religion


You were in the Dungeon.
You worshipped Sif Muna.
Sif Muna was extremely pleased with you.
You visited 1 branch

Inventory:

Hand Weapons
 A - the +7 Singing Sword (weapon) {vorpal, sonic wave}
   (You found it in the Dungeon)

   It inflicts extra damage upon your enemies.
Armour
 B - a +2 cloak of stealth (worn)
Jewellery
 c - an uncursed ring of protection from cold
 q - an uncursed ring of flight
 r - a +6 ring of dexterity
 s - a +6 ring of dexterity
 t - a +6 ring of intelligence (right hand)
 u - a +6 ring of strength
 v - a +6 ring of strength
 T - a +6 ring of intelligence (left hand)
Wands
 w - a wand of disintegration (7)
 x - a wand of iceblast (7) {@v4}
 y - a wand of acid (7) {@v2}
Scrolls
 g - 4 scrolls of blinking {@r4}
 j - 4 scrolls of amnesia
 l - 7 scrolls of fog
 m - a scroll of holy word
 n - 5 scrolls of identify {@r1}
 o - 5 scrolls of remove curse {@r2}
 p - 2 scrolls of fear
Potions
 a - 2 potions of brilliance
 b - 10 potions of curing {@q1}
 d - 5 potions of haste {@q3}
 e - 7 potions of magic
 f - a potion of berserk rage
 h - a potion of invisibility
 i - 3 potions of resistance {@q6}
 k - 4 potions of might {@q4}
 C - 10 potions of heal wounds {@q2}
Miscellaneous
 z - a lightning rod (4/4)


   Skills:
 - Level 12.0 Fighting
 - Level 1.7 Dodging
 - Level 1.7 Stealth
 - Level 10.0 Spellcasting
 * Level 4.5 Conjurations
 * Level 5.5 Fire Magic
 - Level 13.5 Ice Magic


You had 11 spell levels left.
You knew the following spells:

 Your Spells              Type           Power        Failure   Level
a - Freeze                Ice            ####         0%          1
b - Hailstorm             Conj/Ice       ######..     1%          4
f - Fire Storm            Conj/Fire      #####.....   100%        9
o - Ozocubu's Armour      Ice            #######.     1%          3

Your spell library contained the following spells:

 Spells                   Type           Power        Failure   Level
 Shock                    Conj/Air       ####         1%          1
 Frozen Ramparts          Ice            ######       1%          3
 Summon Ice Beast         Ice/Summ       ######..     1%          4
 Pain                     Necr           ###.         3%          1
 Static Discharge         Conj/Air       ####....     3%          3
 Swiftness                Air            ###.....     4%          2
 Portal Projectile        Hex/Tloc       ###...       10%         3
 Vampiric Draining        Necr           ###.......   10%         3
 Airstrike                Air            ###.......   32%         4
 Petrify                  Tmut/Erth      ###.....     32%         4
 Lightning Bolt           Conj/Air       ####......   34%         5
 Death Channel            Necr           ###.......   99%         6
 Malign Gateway           Summ/Tloc      ###.......   100%        7


Dungeon Overview and Level Annotations

Branches:
Dungeon (1/1)

Altars:
Ashenzari
Cheibriados
Dithmenos
Elyvilon
Fedhas
Gozag
Hepliaklqana
Kikubaaqudgha
Makhleb
Nemelex Xobeh
Okawaru
Qazlal
Ru
Sif Muna
Trog
Uskayaw
Vehumet
Wu Jian
Xom
Yredelemnul
Zin
The Shining One
Beogh
Jiyva
Lugonu


Innate Abilities, Weirdness & Mutations

You can breathe blasts of fire.
Your fiery red scales are hard. (AC +7)
You cannot fit into any form of body armour.
Your flesh is heat resistant. (rF+)
You are cold-blooded and may be slowed by cold attacks.


Message History

The troll completely misses you. The troll claws you.
* * * LOW HITPOINT WARNING * * *
The troll closely misses you.
The two-headed ogre hits you with a +0 giant club.
* * * LOW HITPOINT WARNING * * *
The two-headed ogre barely misses you.
You slash the troll!
You kill the troll!
Sif Muna accepts your kill.
You see here a book of Power.
Sif Muna grants you a gift!
The two-headed ogre barely misses you. x3
The two-headed ogre closely misses you.
Your Conjurations skill increases to level 4!
Your Fire Magic skill increases to level 5!
You slash the two-headed ogre!
Your tail-slap misses the two-headed ogre.
The two-headed ogre is almost dead.
The two-headed ogre hits you with a +0 giant spiked club!
You die...

▓..?=?..▓
▓..=|:..▓
▓.......▓
▓.......▓
▓....)..▓
.......
▓.▓.OO▓.▓
▓...@...▓
▓▓▓▓▓▓▓▓▓


You could see 2 two-headed ogres.

Vanquished Creatures
  3 deep elf magi (D)
  2 large abominations (D)
  3 trolls (D)
  A hornet (D)
  3 spriggans (D)
  A black bear (D)
  An eye of draining (D)
  3 wolves (D)
  An ogre (D)
  2 bullfrogs (D)
  A quasit (D)
  A jelly (D)
  An iguana (D)
  A river rat (D)
  5 shadow imps (D)
29 creatures vanquished.

Notes
Turn   | Place    | Note
-------+----------+-------------------------------------------
     0 | D        | sahdkjhfkaj the Draconian Ice Elementalist began the quest
                  | for the Orb.
     0 | D        | Reached XP level 1. HP: 14/14 MP: 3/3
   100 | D        | Found a shimmering blue altar of Sif Muna.
   100 | D        | Found a sacrificial altar of Ru.
   100 | D        | Found a bloodstained altar of Trog.
   100 | D        | Found a stormy altar of Qazlal.
   100 | D        | Found an iron altar of Okawaru.
   100 | D        | Found a sparkling altar of Nemelex Xobeh.
   100 | D        | Found a blossoming altar of Fedhas.
   101 | D        | Found the +6 Majin-Bo {vamp, MP+6 Int+6}
   101 | D        | Found the +9 heavy crossbow "Sniper" {vorpal, Acc+∞ SInv}
   101 | D        | Found the +10 dark maul {vorpal}
   101 | D        | Found the +15 Maxwell's patent armour {-Cast -Tele rElec
                  | Will+ rCorr}
   101 | D        | Found the +18 shield of the Gong {rElec rN+ Will+ EV-5}
   101 | D        | Found the cursed +14 obsidian axe {vorpal, +Fly SInv
                  | *Curse}
   101 | D        | Found the +7 great mace "Firestarter" {inner flame, rF++}
   101 | D        | Found the +6 shillelagh "Devastator" {shatter}
   101 | D        | Found the +11 plutonium sword {*Contam Stlth-}
   101 | D        | Found the +8 lance "Wyrmbane" {slay drac, rPois rF+ rC+
                  | AC+3}
   101 | D        | Found the +9 sword of Zonguldrok {reap}
   101 | D        | Found the cursed +13 scythe of Curses {drain, *Curse}
   101 | D        | Found the +0 sword of Power
   101 | D        | Found the +7 mace of Variability {chain chaos}
   101 | D        | Found the +7 Singing Sword {vorpal, sonic wave}
   101 | D        | Found the +8 storm bow {elec, penet}
   102 | D        | Reached skill level 6 in Ice Magic
   102 | D        | Reached XP level 2. HP: 27/27 MP: 3/6
   132 | D        | Found a transporter.
   132 | D        | Found an ancient bone altar of Kikubaaqudgha.
   132 | D        | Found a viscous altar of Jiyva.
   132 | D        | Found a corrupted altar of Lugonu.
   132 | D        | Found a hazy altar of Hepliaklqana.
   132 | D        | Found a burning altar of Makhleb.
   132 | D        | Found an opulent altar of Gozag.
   188 | D        | Became a worshipper of Sif Muna the Loreminder
   203 | D        | Entered arena 2.
   203 | D        | Noticed an eye of draining
   203 | D        | Found a transporter.
   206 | D        | Killed an eye of draining
   207 | D        | Reached skill level 5 in Fighting
   207 | D        | Reached skill level 8 in Ice Magic
   207 | D        | Reached XP level 3. HP: 30/36 MP: 7/9
   207 | D        | Reached XP level 4. HP: 36/42 MP: 7/10
   208 | D        | Reached skill level 5 in Spellcasting
   212 | D        | Entered arena 3.
   212 | D        | Noticed a deep elf mage
   212 | D        | Noticed a deep elf mage
   212 | D        | Noticed a deep elf mage
   212 | D        | Found a transporter.
   219 | D        | Killed a deep elf mage
   219 | D        | Reached * piety under Sif Muna
   220 | D        | Reached skill level 11 in Ice Magic
   220 | D        | Reached XP level 5. HP: 38/53 MP: 8/14
   220 | D        | Reached XP level 6. HP: 44/61 MP: 9/16
   221 | D        | Killed a deep elf mage
   221 | D        | Killed a deep elf mage
   222 | D        | Reached skill level 10 in Fighting
   222 | D        | Reached skill level 13 in Ice Magic
   222 | D        | Your scales start taking on a fiery red colour.
   222 | D        | Reduced skill Ice Magic to level 11
   222 | D        | Reached XP level 7. HP: 53/72 MP: 10/19
   222 | D        | Gained mutation: Your flesh is heat resistant. (rF+) [Red
                  | Draconian growth]
   222 | D        | Reached XP level 8. HP: 58/79 MP: 10/20
   225 | D        | Got the ring "Muimityto" {Dex+6 Slay+4}
   327 | D        | Learned a level 4 spell: Hailstorm
   331 | D        | Learned a level 3 spell: Ozocubu's Armour
   331 | D        | Entered arena 4.
   331 | D        | Found a transporter.
   333 | D        | Reached ** piety under Sif Muna
   407 | D        | Entered arena 5.
   407 | D        | Noticed a large abomination
   407 | D        | Found a transporter.
   409 | D        | Reached *** piety under Sif Muna
   413 | D        | Killed a large abomination
   414 | D        | Reached skill level 12 in Ice Magic
   419 | D        | Reached **** piety under Sif Muna
   535 | D        | Entered arena 6.
   535 | D        | Found a transporter.
   539 | D        | Reached XP level 9. HP: 89/89 MP: 10/22
   636 | D        | Entered arena 7.
   636 | D        | Noticed a spriggan rider
   642 | D        | Reached ***** piety under Sif Muna
   642 | D        | Identified Sif Muna's Compendium of Ashen Conjuration (Sif
                  | Muna gifted it to you in the Dungeon)
   642 | D        | Received a gift from Sif Muna
   643 | D        | Reached skill level 10 in Spellcasting
   643 | D        | Reached skill level 13 in Ice Magic
   643 | D        | Found a transporter.
   826 | D        | Learned a level 9 spell: Fire Storm
   833 | D        | Got Ceat's Papyrus of Evil Orientation
   837 | D        | Entered arena 8.
   837 | D        | Noticed a troll
   837 | D        | Noticed a two-headed ogre
   837 | D        | Noticed a troll
   837 | D        | Noticed a two-headed ogre
   837 | D        | Noticed a troll
   842 | D        | Killed a troll
   842 | D        | Killed a troll
   852 | D        | Killed a troll
   852 | D        | Received a gift from Sif Muna
   853 | D        | Reached skill level 5 in Fire Magic
   853 | D        | Mangled by a two-headed ogre

Illustrated notes

Levels and vault maps discovered:
D:        sprint_v [room_start, room_1, room_2, room_3, room_4, room_5, room_6,
          room_7, room_8, room_9, room_10, room_11, room_12, room_13, room_14,
          room_15, room_16, room_17, room_18, room_19, room_20, room_21,
          room_22, room_23, room_24, room_25, room_26, room_27]

Skill      XL: |  1  2  3  4  5  6  7  8  9 |
---------------+----------------------------+-----
Fighting       | 3 5 8 10 11 12 | 12.0
Spellcasting   | 3 4 7 8 9 10 | 10.0
Ice Magic      | 6 8 11 11 12 13 | 13.5
Conjurations   | 4 |  4.5
Fire Magic     | 5 |  5.5
Dodging        | |  1.7
Stealth        | |  1.7

Action                   |  1- 3 |  4- 6 |  7- 9 || total
-------------------------+-------+-------+-------++-------
Melee: Double sword      |     2 |     8 |    24 ||    34
       Tailslap          |       |     1 |     3 ||     4
 Cast: Hailstorm         |       |       |    15 ||    15
       Ozocubu's Armour  |       |       |     5 ||     5
  Use: Potion            |     5 |       |     2 ||     7
 Stab: Invisible         |       |     1 |       ||     1
Armor: Skin              |       |       |    33 ||    33
Dodge: Dodged            |       |     6 |    31 ||    37
       Rpst.: Double sword |       |     3 |     5 ||     8

Table legend: (Time is in decaauts)
 A = Elapsed time spent in this place.
 B = Non-inter-level travel time spent in this place.
 C = Inter-level travel time spent in this place.
 D = Time resting spent in this place.
 E = Time spent auto-exploring this place.
 F = Levels seen in this place.
 G = Mean time per level.
                   A        B        C        D        E       F      G
               +--------+--------+--------+--------+--------+-----+--------+
         Total |    849 |    849 |      0 |    617 |     49 |   1 |  849.0 |
       Dungeon |    849 |    849 |      0 |    617 |     49 |   1 |  849.0 |
               +--------+--------+--------+--------+--------+-----+--------+

Top non-repeatable levels by time:
       D: 849 daAuts
